 Dungeon Crawl Stone Soup version 0.23-a0-644-gb60d84b (webtiles) character file.

22 Borgoz the Chopper (level 2, 0/27 HPs)
             Began as a Hill Orc Berserker on Jan 1, 2019.
             Was a Follower of Trog.
             Slain by an adder (3 damage)
             ... on level 2 of the Dungeon.
             The game lasted 00:00:57 (1100 turns).

Borgoz the Chopper (Hill Orc Berserker)             Turns: 1100, Time: 00:00:58

Health: 0/27       AC:  2    Str: 19    XL:     2   Next: 91%
Magic:  2/2        EV: 12    Int:  7    God:    Trog [*.....]
Gold:   38         SH:  0    Dex: 10    Spells: 1/1 levels left

rFire    . . .     SeeInvis .   a - +0 hand axe
rCold    . . .     Gourm    .   (no shield)
rNeg     . . .     Faith    .   b - +0 animal skin
rPois    .         Spirit   .   (no helmet)
rElec    .         Reflect  .   (no cloak)
rCorr    .         Harm     .   (no gloves)
MR       .....                  (no boots)
Stlth    +.........             (no amulet)
HPRegen  0.09/turn              (no ring)
MPRegen  0.08/turn              (no ring)

@: lethally poisoned (0 -> -2)
A: no striking features
a: Berserk, Renounce Religion


You were on level 2 of the Dungeon.
You worshipped Trog.
Trog was aware of your devotion.
You were hungry.

You visited 1 branch of the dungeon, and saw 2 of its levels.

You collected 38 gold pieces.

Inventory:

Hand Weapons
 a - a +0 hand axe (weapon)
Armour
 b - a +0 animal skin (worn)
Jewellery
 g - a cursed amulet of inaccuracy {unknown}
Scrolls
 e - a scroll of amnesia {unknown}
 f - a scroll of magic mapping {unknown}
 j - a scroll of fog {unknown}
 k - a scroll of remove curse {unknown}
 l - a scroll of random uselessness {unknown}
Potions
 d - a potion of haste {unknown}
 h - a potion of berserk rage {unknown}
 i - a potion of might {unknown}
Comestibles
 c - 3 rations


   Skills:
 + Level 4.0 Fighting
 + Level 4.4 Axes
 + Level 2.6 Armour
 + Level 1.9 Dodging


You had one spell level left.
You didn't know any spells.
Your spell library was empty.

Dungeon Overview and Level Annotations

Branches:
Dungeon (2/15)

Altars:


Message History

You are too injured to fight recklessly!
You hit the adder but do no damage.
You feel sick. The adder closely misses you.
You barely miss the adder. The adder closely misses you. The adder bites you.
* * * LOW HITPOINT WARNING * * *
You hit the adder but do no damage. The adder closely misses you.
You closely miss the adder.
You feel sick. The adder closely misses you.
You hit the adder.
The adder is moderately wounded.
The adder barely misses you. The adder bites you.
* * * LOW HITPOINT WARNING * * *
You barely miss the adder.
The adder is moderately wounded.
The adder closely misses you.
You barely miss the adder.
The adder is moderately wounded.
The adder bites you.
* * * LOW HITPOINT WARNING * * *
The adder bites you.
You die...

#... ...#
###.!.##...#
##..........##.
#..............
#...............
#.................
.......S...........
.......@...........
...................
...###...#.........
...................
.#####...##...(....
..................
#####...##.........
(.................
###.....†....#...#


You could see an adder.

Vanquished Creatures
  A dart slug (D:1)
  2 ball pythons
  3 bats
  4 goblins
  2 hobgoblins (D:1)
  3 kobolds (D:1)
  A frilled lizard (D:1)
  2 rats (D:1)
18 creatures vanquished.

Notes
Turn   | Place    | Note
-------+----------+-------------------------------------------
     0 | D:1      | Borgoz the Hill Orc Berserker began the quest for the Orb.
     0 | D:1      | Reached XP level 1. HP: 19/19 MP: 1/1
   403 | D:1      | Reached XP level 2. HP: 23/27 MP: 2/2
  1100 | D:2      | Slain by an adder

Vault maps used:
D:1:      evilmike_arrival_crescent
D:2:      chequers_decorated_corner, uniq_robin

Skill      XL: |  1  2 |
---------------+-------+-----
Fighting       | 4 |  4.0
Axes           | |  4.4
Armour         | |  2.6
Dodging        | |  1.9

Action                   || total
-------------------------++-------
Melee: Hand axe          ||    57
Armor: Animal skin       ||    15
Dodge: Dodged            ||    42

Table legend:
 A = Non-vault XP
 B = Vault XP
 C = Vault XP percentage of total XP
 D = Non-vault monster count
 E = Vault monster count
 F = Vault count percentage of total count
                 A         B        C        D         E       F
            +---------+---------+-------+---------+---------+-------
      Total |      30 |       2 |   6.2 |      17 |       1 |   5.6
            +---------+---------+-------+---------+---------+-------
        D:1 |      27 |       0 |   0.0 |      15 |       0 |   0.0
        D:2 |       3 |       2 |  40.0 |       2 |       1 |  33.3
            +---------+---------+-------+---------+---------+-------
